 Dungeon Crawl Stone Soup version 0.31-a0-844-gdc52ec4e09 (webtiles) character file.

Game seed: 8707703338137957285

3 BinkBink the Shield-Bearer (level 1, 0/2 HPs)
             Began as an Octopode Fighter on Sept 29, 2023.
             Slain by a frilled lizard (2 damage)
             ... on level 1 of the Dungeon.
             The game lasted 00:00:51 (90 turns).

BinkBink the Shield-Bearer (Octopode Fighter)         Turns: 90, Time: 00:00:52

Health: 0/2        AC:  1    Str: 25    XL:     1   Next: 50%
Magic:  1/1        EV:  8    Int: 10    God:
Gold:   5          SH:  0    Dex: 11    Spells: 0/0 levels left

rFire   + + .        a - melded +0 rapier
rCold   x . .        b - melded +0 buckler
rNeg    . . .        (helmet currently unavailable)
rPois   +            (no amulet)
rElec   .            (no ring)
rCorr   .            (no ring)
SInv    .            (no ring)
Will    .....        (no ring)
Stlth   +            (no ring)
HPRegen 0.20/turn    (no ring)
MPRegen 0.07/turn    (no ring)
                     (no ring)

%: no passive effects
@: dragon-form, flying
A: dragon claw, dragon scales, breathe fire, flying, reduced hp, almost no
armour, amphibious, 8 rings, giant, (camouflage 1), (gelatinous body 1), (nimble
swimmer 1), (tentacles)
a: Breathe Fire, Begin Untransformation


You were on level 1 of the Dungeon.
You were a fearsome dragon!
You visited 1 branch of the dungeon, and saw 1 of its levels.

You collected 5 gold pieces.

Inventory:

Hand Weapons
 a - a +0 rapier (melded)
Armour
 b - a +0 buckler (melded)
Talismans
 g - a dragon-blood talisman (active)
Scrolls
 d - a scroll of identify {unknown}
 f - a scroll of enchant weapon {unknown}
Potions
 c - 2 potions of might
 e - a potion of heal wounds {unknown}


   Skills:
 - Level 3.0 Fighting
 - Level 2.0 Short Blades
 + Level 3.0 Dodging
 + Level 3.0 Shields
 * Level 0.0 Shapeshifting


You couldn't memorise any spells.
You didn't know any spells.
Your spell library was empty.

Dungeon Overview and Level Annotations

Branches:
Dungeon (1/15)

Altars:


Innate Abilities, Weirdness & Mutations

You are a fearsome dragon!
You have a powerful clawing attack.
Your giant scaled body is strong and resilient, but less evasive.
You can breathe fire.
You are flying.
Your maximum health is decreased, since you lack skill for your form.
Your armour is entirely melded.
You are incapable of wielding weapons or throwing items.
You cannot wear most types of armour.
You are amphibious.
You can wear up to eight rings at the same time.
((Your skin changes colour to match your surroundings (Stealth+).))
((Your rubbery body absorbs attacks. (AC +1, EV +1)))
((You are camouflaged when in or above water. (Stealth+)))
((You have tentacles for arms and can constrict up to eight enemies at once.))


Message History

No target in view!
No target in view!
You now have 5 gold pieces.
Found a dragon-blood talisman.
Things that are here:
a +0 club; a goblin corpse You see here 5 poisoned darts.
f - a scroll labelled AMNARIDIGG An endoplasm comes into view.
An endoplasm is nearby!
An endoplasm is nearby!
The endoplasm quivers.
You hit the endoplasm.
You kill the endoplasm!
No target in view!
No target in view!
You see here a dragon-blood talisman.
g - a dragon-blood talisman You begin transforming.
You continue transforming. x3
You turn into a fearsome dragon!
Your +0 rapier melds into your body.
Your +0 buckler melds into your body.
HP restored.
A rat comes into view.
The rat moves out of view.
A rat is nearby!
You claw the rat!
You kill the rat!
No target in view!
No target in view!
You see here a rat corpse.
A kobold and a frilled lizard come into view.
Found a scroll labelled ZIELOPSY YMYSO.
There are monsters nearby!
There are monsters nearby!
A goblin comes into view. It is wielding a +0 club.
You see here a scroll labelled XEODOL LAREVOK.
Found a bubbling red potion and 11 gold pieces.
The frilled lizard hisses angrily.
The kobold shouts!
The frilled lizard bites you.
Ouch! That really hurt!
You die...

# #.....# #.#
#.#.##..#######.#
...##.#.##..........#
#.......†#.######...
#..#^#.#.#..........
#.#.########... #
#.#.# #.#.$###?#.####
!...g..D........
###...l..#.#####
##.K.....# #########


You could see a goblin, a kobold and a frilled lizard.

Vanquished Creatures
  An endoplasm (D:1)
  A goblin (D:1)
  A rat (D:1)
3 creatures vanquished.

Notes
Turn   | Place    | Note
-------+----------+-------------------------------------------
     0 | D:1      | BinkBink the Octopode Fighter began the quest for the Orb.
     0 | D:1      | Reached XP level 1. HP: 16/16 MP: 1/1
    90 | D:1      | Slain by a frilled lizard

Illustrated notes

Levels and vault maps discovered:
D:1:      scummos_arrival_hexagon, layout_loops_ring

Action                     || total
---------------------------++-------
  Melee: Rapier            ||     2
         Unarmed           ||     1
 Armour: Skin              ||     1
  Block: Buckler           ||     1
   Form: Dragon            ||     1

Table legend: (Time is in decaauts)
 A = Elapsed time spent in this place.
 B = Non-inter-level travel time spent in this place.
 C = Inter-level travel time spent in this place.
 D = Time resting spent in this place.
 E = Time spent auto-exploring this place.
 F = Levels seen in this place.
 G = Mean time per level.
                   A        B        C        D        E       F      G
               +--------+--------+--------+--------+--------+-----+--------+
         Total |     90 |     90 |      0 |      0 |     43 |   1 |   90.0 |
       Dungeon |     90 |     90 |      0 |      0 |     43 |   1 |   90.0 |
               +--------+--------+--------+--------+--------+-----+--------+

Top non-repeatable levels by time:
     D:1: 90 daAuts
